 Dungeon Crawl Stone Soup version 0.30-a0-241-g1121274140 (webtiles) character file.

Game seed: 9880014624481748862

7 gelatine the Chiller (level 1, -4/13 HPs)
             Began as a Demonspawn Ice Elementalist on Oct 10, 2022.
             Slain by a gnoll
             ... wielding a +0 whip
              (5 damage)
             ... on level 1 of the Dungeon.
             The game lasted 00:01:06 (426 turns).

gelatine the Chiller (Demonspawn Ice Elementalist)   Turns: 426, Time: 00:01:07

Health: -4/13      AC:  2    Str:  8    XL:     1   Next: 83%
Magic:  0/3        EV: 12    Int: 16    God:
Gold:   50         SH:  0    Dex: 13    Spells: 3/4 levels left

rFire   . . .      SeeInvis .    (no weapon)
rCold   . . .      Faith    .    (no shield)
rNeg    . . .      Spirit   .    a - +0 robe
rPois   .          Reflect  .    (no helmet)
rElec   .          Harm     .    (no cloak)
rCorr   .          Rampage  .    (no gloves)
Will    .....                    (no boots)
Stlth   ++........               (no amulet)
HPRegen 0.22/turn                (no ring)
MPRegen 0.08/turn                (no ring)

@: no status effects
A: no striking features
a: no special abilities


You were on level 1 of the Dungeon.
You visited 1 branch of the dungeon, and saw 1 of its levels.

You collected 50 gold pieces.

Inventory:

Armour
 a - a +0 robe (worn)
Scrolls
 d - a scroll of vulnerability {unknown}
Potions
 b - a potion of magic
 c - a potion of brilliance {unknown}
 e - 2 potions of lignification {unknown}


   Skills:
 + Level 1.7 Dodging
 + Level 1.8 Stealth
 + Level 2.1 Spellcasting
 + Level 3.8 Ice Magic


You had 3 spell levels left.
You knew the following spells:

 Your Spells              Type           Power      Damage    Failure   Level
a - Freeze                Ice            56%        1d7       4%          1

Your spell library contained the following spells:

 Spells                   Type           Power      Damage    Failure   Level
 Frozen Ramparts          Ice            28%        1d5       13%         3
 Ozocubu's Armour         Ice            14%        N/A       13%         3
 Summon Ice Beast         Ice/Summ       7%         N/A       67%         4


Dungeon Overview and Level Annotations

Branches:
Dungeon (1/15)

Altars:


Message History

You see here a quokka corpse.
You see here a bat corpse.
There is a stone staircase leading down here.
Found 6 stones.
A ball python comes into view.
You freeze the ball python!
You kill the ball python!
A quokka comes into view.
You freeze the quokka!
You kill the quokka!
A gnoll comes into view. It is wielding a +0 whip.
The gnoll shouts!
You freeze the gnoll.
The gnoll is heavily wounded.
The gnoll hits you but does no damage.
You freeze the gnoll.
The gnoll is severely wounded.
The gnoll closely misses you.
You freeze the gnoll.
The gnoll is almost dead.
The gnoll barely misses you.
You are out of magic!
You barely miss the gnoll.
The gnoll is almost dead.
The gnoll hits you with a +0 whip!
Ouch! That really hurt!
You hit the gnoll but do no damage.
The gnoll is almost dead.
The gnoll hits you with a +0 whip.
* * * LOW HITPOINT WARNING * * *
You barely miss the gnoll.
The gnoll is almost dead.
The gnoll barely misses you.
You hit the gnoll but do no damage.
The gnoll is almost dead.
The gnoll closely misses you.
You hit the gnoll but do no damage.
The gnoll is almost dead.
The gnoll hits you with a +0 whip.
You die...

#. #. ###.#####. ###
##.......... #..
............ #.#
#........... #.#
#..##.###### #g#
#..##...†...
#@#####..##.######
######.##........####..
##......##.##.......##.#
...........###..###†##.#
##.######### #..# #.....
# ##.###.##.# #.....##.#
###.####.# #.# #.#


You could see a gnoll.

Vanquished Creatures
  A goblin (D:1)
  2 quokkas (D:1)
  2 ball pythons (D:1)
  A bat (D:1)
  A rat (D:1)
7 creatures vanquished.

Notes
Turn   | Place    | Note
-------+----------+-------------------------------------------
     0 | D:1      | gelatine the Demonspawn Ice Elementalist began the quest
                  | for the Orb.
     0 | D:1      | Reached XP level 1. HP: 13/13 MP: 3/3
   426 | D:1      | Slain by a gnoll

Illustrated notes

Levels and vault maps discovered:
D:1:      dpeg_arrival_renting, layout_loops_ring

Action                   || total
-------------------------++-------
Melee: Unarmed           ||     6
 Cast: Freeze            ||    14
 Stab: Sleeping          ||     1
Armor: Robe              ||     2
Dodge: Dodged            ||     9

Table legend: (Time is in decaauts)
 A = Elapsed time spent in this place.
 B = Non-inter-level travel time spent in this place.
 C = Inter-level travel time spent in this place.
 D = Time resting spent in this place.
 E = Time spent auto-exploring this place.
 F = Levels seen in this place.
 G = Mean time per level.
                   A        B        C        D        E       F      G
               +--------+--------+--------+--------+--------+-----+--------+
         Total |    426 |    426 |      0 |      9 |    327 |   1 |  426.0 |
       Dungeon |    426 |    426 |      0 |      9 |    327 |   1 |  426.0 |
               +--------+--------+--------+--------+--------+-----+--------+

Top non-repeatable levels by time:
     D:1: 426 daAuts
